 Dungeon Crawl Stone Soup version 0.31-a0-925-g0a390f2509 (webtiles) character file.

Game seed: 17710993994547213053

147 Shayle the Trooper (level 5, -4/53 HPs)
             Began as an Ogre Hexslinger on Oct 19, 2023.
             Was an Initiate of Ru.
             Slain by a river rat (7 damage)
             ... summoned by Eustachio
             ... on level 4 of the Dungeon.
             The game lasted 00:06:33 (3670 turns).

Shayle the Trooper (Ogre Hexslinger)                Turns: 3670, Time: 00:06:34

Health: -4/53      AC:  3    Str: 12    XL:     5   Next: 29%
Magic:  8/8        EV: 10    Int: 16    God:    Ru [......]
Gold:   189        SH:  0    Dex: 11    Spells: 6/9 levels left

rFire   . . .        a - +1 sling
rCold   . . .        (no shield)
rNeg    . . .        c - +0 robe
rPois   .            (helmet restricted)
rElec   .            (no cloak)
rCorr   .            (gloves unavailable)
SInv    .            (boots unavailable)
Will    +....        (no amulet)
Stlth   +            d - ring of willpower
HPRegen 0.28/turn    (no ring)
MPRegen 0.11/turn

%: no passive effects
@: about to teleport
A: large, unfitting armour, tough skin 1
a: Renounce Religion


You were on level 4 of the Dungeon.
You worshipped Ru.
Ru was noncommittal.
You visited 1 branch of the dungeon, and saw 4 of its levels.

You collected 189 gold pieces.

Inventory:

Hand Weapons
 a - a +1 sling (weapon)
 k - the +1 dagger of Magnificence {protect, +Blink}
   (You found it on level 2 of the Dungeon)

   +Blink:    It lets you blink.
Missiles
 f - a throwing net
Armour
 c - a +0 robe (worn)
Jewellery
 d - a ring of willpower (left hand)
Scrolls
 b - a scroll of poison
 e - a scroll of brand weapon {unknown}
 h - a scroll of enchant armour {unknown}
 j - a scroll of amnesia {unknown}
 l - 2 scrolls of teleportation
 m - a scroll of enchant weapon {unknown}
 n - 2 scrolls of blinking {unknown}
 o - a scroll of fog {unknown}
 q - 2 scrolls of identify
Potions
 g - a potion of haste


   Skills:
 + Level 3.3 Fighting
 - Level 1.3 Ranged Weapons
 + Level 2.7 Dodging
 + Level 2.6 Spellcasting
 + Level 1.2 Conjurations
 - Level 2.6 Hexes
 - Level 0.8 Fire Magic
 + Level 1.1 Air Magic
 + Level 1.1 Poison Magic


You had 6 spell levels left.
You knew the following spells:

 Your Spells              Type           Power      Damage    Failure   Level
a - Mephitic Cloud        Conj/Pois/Air  5%         N/A       36%         3

Your spell library contained the following spells:

 Spells                   Type           Power      Damage    Failure   Level
 Jinxbite                 Hex            20%        N/A       10%         2
 Magic Dart               Conj           20%        1d4       12%         1
 Kiss of Death            Conj/Necr      16%        2d6       16%         1
 Confusing Touch          Hex            10%        N/A       19%         3
 Sigil of Binding         Hex            10%        N/A       19%         3
 Scorch                   Fire           8%         2d5       21%         2
 Inner Flame              Hex/Fire       7%         N/A       28%         3
 Call Imp                 Summ           4%         N/A       30%         2
 Hailstorm                Conj/Ice       4%         3d4       41%         3
 Cause Fear               Hex            5%         N/A       54%         4
 Dimensional Bullseye     Hex/Tloc       3%         N/A       73%         4
 Flame Wave               Conj/Fire      5%         2d5       77%         4
 Dispel Undead            Necr           2%         3d7       89%         4
 Summon Ice Beast         Ice/Summ       2%         N/A       89%         4
 Simulacrum               Ice/Necr       1%         N/A       100%        6
 Summon Cactus Giant      Summ           1%         N/A       100%        6


Dungeon Overview and Level Annotations

Branches:
Dungeon (4/15)
 Temple: D:4-7

Altars:
Ru
Trog

Annotations:
D:3 1 runed translucent door, Crazy Yiuf
D:4 Eustachio


Innate Abilities, Weirdness & Mutations

You are too large for most types of armour.
You have tough skin. (AC +1)


Message History

The bat hits you. The jackal bites you. The river rat barely misses you.
The bat hits you but does no damage.
Unknown command.
You shoot a sling bullet.
The sling bullet hits the jackal but does no damage.
The bat hits you. The bat closely misses you. The jackal bites you.
The river rat closely misses you. The jackal misses you.
The jackal bites you but does no damage.
The bat closely misses you.
As you read the scroll labelled KEOXZOICACH, it crumbles to dust.
You feel strangely unstable.
It was a scroll of teleportation.
The bat barely misses you. The jackal bites you.
* * * LOW HITPOINT WARNING * * *
The river rat bites you.
* * * LOW HITPOINT WARNING * * *
The jackal bites you.
* * * LOW HITPOINT WARNING * * *
The bat closely misses you.
The jackal bites you but does no damage.
Okay, then.
You shoot a sling bullet.
The sling bullet closely misses the jackal.
The bat hits you but does no damage. The bat barely misses you.
The jackal barely misses you. The river rat bites you.
* * * LOW HITPOINT WARNING * * *
Eustachio gestures wildly while chanting.
The jackal bites you.
* * * LOW HITPOINT WARNING * * *
The jackal bites you.
* * * LOW HITPOINT WARNING * * *
The bat barely misses you. The river rat closely misses you.
The jackal closely misses you.
You shoot a sling bullet. The sling bullet hits the jackal.
The jackal is moderately wounded.
The bat hits you but does no damage. The bat misses you.
The jackal bites you but does no damage.
The jackal barely misses you.
The jackal bites you but does no damage.
The river rat bites you!
You die...

#...# #.#.#
#.#.#############################
#.#.##...........................
..#.##.##########################
###.##.# .... .##.##.# #rh######
..#.##.# #hhh..... ..#.##.#
#@###### ..#.##.####### #br@.r.#
..#..........# ######.#
#......#####.# #.# ########
....########.# #.# #......##
.<...........# #.# #.#......
....########## #.###.#.##..#
....# #...........# #####
#####.#.###.#


You could see Eustachio, 2 river rats, a quokka (summoned), 4 jackals and a bat
(summoned).

Vanquished Creatures
  A scorpion (D:4)
  2 worms
  A dart slug (D:2)
  An orc (D:3)
  10 endoplasms
  2 giant cockroaches (D:1)
  8 goblins
  9 hobgoblins
  3 jackals (D:1)
  4 quokkas
  2 ball pythons
  5 bats
  4 frilled lizards
  10 kobolds
  6 rats
68 creatures vanquished.

Notes
Turn   | Place    | Note
-------+----------+-------------------------------------------
     0 | D:1      | Shayle the Ogre Hexslinger began the quest for the Orb.
     0 | D:1      | Reached XP level 1. HP: 19/19 MP: 2/2
    77 | D:1      | HP: 1/20 [frozen (5)]
   176 | D:1      | Reached XP level 2. HP: 24/28 MP: 4/4
   235 | D:1      | Reached skill level 2 in Fighting
   511 | D:1      | Found a faded altar of an unknown god.
   564 | D:1      | Reached XP level 3. HP: 33/36 MP: 6/6
   706 | D:1      | Learned a level 3 spell: Mephitic Cloud
  1335 | D:2      | Identified the +1 dagger of Magnificence {protect, +Blink}
  1906 | D:3      | Found a bloodstained altar of Trog.
  2047 | D:3      | Reached XP level 4. HP: 40/44 MP: 7/7
  2672 | D:3      | Found a runed translucent door.
  2673 | D:3      | Noticed Crazy Yiuf
  3110 | D:4      | Reached skill level 3 in Fighting
  3116 | D:4      | Found a sacrificial altar of Ru.
  3123 | D:4      | Became a worshipper of Ru the Awakened
  3310 | D:4      | Noticed a scorpion
  3342 | D:4      | Killed a scorpion
  3343 | D:4      | Reached skill level 1 in Conjurations
  3343 | D:4      | Reached skill level 1 in Air Magic
  3343 | D:4      | Reached skill level 1 in Poison Magic
  3343 | D:4      | Reached XP level 5. HP: 53/53 MP: 8/8
  3653 | D:4      | Noticed Eustachio
  3669 | D:4      | HP: 2/53 [jackal (2)]
  3670 | D:4      | Slain by a river rat

Illustrated notes

Levels and vault maps discovered:
D:1:      dpeg_cavernosity, layout_basic, shapermc_ecumenical_altar_ellora
D:2:      layout_loops_ring, dreamdust_wishing_well
D:3:      layout_basic, trog_hazing_becter, corexii_item_surrounded_by_moat,
          uniq_crazy_yiuf_cottage
D:4:      layout_basic, mainiacjoe_overflow_alcove_1, vehumet_altar_wand_db,
          uniq_robin, uniq_eustachio

Skill      XL: |  1  2  3  4 |
---------------+-------------+-----
Dodging        | 2 |  2.7
Fighting       | 2 3 |  3.3
Spellcasting   | 2 |  2.6
Conjurations   | 1 |  1.2
Air Magic      | 1 |  1.1
Poison Magic   | 1 |  1.1
Ranged Weapons | |  1.3
Hexes          | |  2.6
Fire Magic     | |  0.8

Action                     |  1- 3 |  4- 6 || total
---------------------------+-------+-------++-------
  Melee: Dagger            |    31 |    24 ||    55
   Fire: Sling             |   172 |   104 ||   276
    Use: Scroll            |     2 |     1 ||     3
         Potion            |       |     4 ||     4
 Armour: Robe              |    96 |    93 ||   189
  Dodge: Dodged            |    83 |    87 ||   170

Table legend: (Time is in decaauts)
 A = Elapsed time spent in this place.
 B = Non-inter-level travel time spent in this place.
 C = Inter-level travel time spent in this place.
 D = Time resting spent in this place.
 E = Time spent auto-exploring this place.
 F = Levels seen in this place.
 G = Mean time per level.
                   A        B        C        D        E       F      G
               +--------+--------+--------+--------+--------+-----+--------+
         Total |   3767 |   3649 |    118 |    171 |   2771 |   4 |  941.8 |
       Dungeon |   3767 |   3649 |    118 |    171 |   2771 |   4 |  941.8 |
               +--------+--------+--------+--------+--------+-----+--------+

Top non-repeatable levels by time:
     D:3: 1310 daAuts
     D:1: 1074 daAuts
     D:2: 792 daAuts
     D:4: 589 daAuts
